Map: Winter Madness LE

Players

Serral

  • Race: Zerg Zerg

herO - Winner!

  • Race: Protoss Protoss

VOD

Have the link to the VOD?

Description

Time

  • Played on: Jan. 16, 2026, 10:47 p.m.
  • Length: 9:07
Show
View Real Time Build Order
Export as new Build Order

Serral Zerg 

Build Orders: Hatch First 

Get SALT Encoding   

  12  0:00  Drone  
  13  0:08  Drone  
  14  0:14  Extractor, Drone  
  15  0:21  Overlord  
  15  0:42  Drone  
  16  0:45  Hatchery  
  16  0:49  Drone  
  16  0:53  Drone  
  16  0:56  Drone  
  18  1:07  Extractor  
  17  1:11  Spawning Pool  
  17  1:15  Drone  
  17  1:18  Drone  
  18  1:26  Drone  
  19  1:37  Drone  
  20  1:47  Drone  
  21  1:57  Queen x2  
  21  1:58  Zergling x2  
  21  1:59  Overlord  
  26  2:08  Drone  
  27  2:09  Zergling x2  
  27  2:11  Metabolic Boost  
  28  2:18  Drone  
  28  2:20  Drone  
  30  2:29  Drone  
  31  2:33  Queen  
  33  2:42  Hatchery  
  32  2:46  Overlord  
  32  2:48  Drone  
  32  2:50  Drone  
  34  2:53  Drone  
  34  2:54  Drone  
  36  3:04  Overlord  
  36  3:07  Drone x4  
  36  3:12  Drone x3  
  43  3:22  Queen  
  43  3:24  Overlord  
  45  3:30  Queen  
  45  3:32  Zergling x2  
  45  3:33  Drone  
  49  3:36  Spore Crawler, Zergling x2  
  48  3:41  Zergling x2  
  48  3:42  Drone x2  
  48  3:43  Drone  
  48  3:45  Drone  
  48  3:46  Drone  
  48  3:48  Drone  
  55  3:50  Spore Crawler  
  55  3:51  Drone  
  55  3:53  Zergling x2  
  56  3:56  Drone  
  57  4:04  Overlord, Roach Warren  
  57  4:05  Zergling x2  
  57  4:06  Drone  
  58  4:10  Drone  
  58  4:12  Drone x2  
  58  4:16  Zergling x2  
  62  4:17  Zergling x4  
  62  4:18  Drone  
  62  4:21  Drone  
  62  4:22  Drone  
  67  4:27  Drone x2  
  67  4:29  Overlord  
  68  4:33  Zergling x2  
  68  4:37  Overlord  
  67  4:49  Roach x5  
  67  4:50  Roach  
  78  4:55  Extractor  
  78  4:56  Drone  
  78  4:57  Drone x4  
  78  4:58  Drone  
  78  4:59  Drone  
  83  5:02  Roach  
  83  5:03  Hatchery  
  83  5:04  Roach  
  86  5:08  Drone  
  86  5:09  Queen  
  86  5:11  Overlord  
  86  5:14  Overlord  
  89  5:20  Drone  
  89  5:21  Extractor  
  89  5:22  Lair, Extractor  
  89  5:23  Drone x2  
  89  5:25  Overlord  
  89  5:26  Extractor x2  
  89  5:27  Drone x2  
  90  5:29  Overlord  
  90  5:33  Overlord  
  89  5:37  Drone x5  
  89  5:38  Drone  
  95  5:44  Drone  
  95  5:46  Evolution Chamber  
  95  5:49  Roach  
  97  5:51  Drone x2  
  97  5:52  Overlord  
  97  5:54  Overlord  
  97  5:56  Overlord  
  99  5:58  Roach, Drone  
  99  5:59  Drone x2  
  104  6:04  Overlord  
  104  6:05  Drone x3  
  104  6:10  Overlord  
  107  6:11  Drone x2  
  107  6:14  Drone  
  107  6:15  Zerg Missile Weapons Level 1  
  110  6:22  Roach x4  
  110  6:23  Roach x2  
  122  6:29  Roach x4  
  122  6:31  Roach  
  122  6:32  Roach  
  130  6:38  Drone  
  130  6:39  Drone x3  
  128  6:42  Drone  
  128  6:45  Drone x2  
  131  6:48  Hydralisk Den  
  131  6:50  Infestation Pit  
  131  6:51  Drone x4  
  131  6:53  Drone  
  132  6:56  Drone  
  133  7:01  Overlord  
  133  7:03  Extractor, Drone  
  133  7:04  Extractor  
  133  7:05  Drone  
  133  7:06  Overseer  
  133  7:09  Overlord  
  133  7:10  Glial Reconstitution  
  133  7:13  Overlord  
  133  7:14  Drone x2  
  135  7:17  Overlord  
  135  7:19  Roach x4  
  136  7:31  Drone x7  
  136  7:36  Drone x2  
  140  7:37  Drone  
  140  7:39  Hive  
  140  7:43  Drone x3  
  142  7:44  Lurker Den  
  142  7:46  Overlord  
  142  7:48  Hydralisk x4  
  142  7:50  Grooved Spines  
  149  7:56  Hydralisk x2  
  153  8:04  Overseer  
  153  8:05  Hydralisk x4  
  155  8:09  Drone  
  162  8:15  Overlord  
  162  8:16  Hydralisk x3  
  168  8:24  Hydralisk x5  
  177  8:32  Hydralisk x2  
  177  8:33  Hydralisk x2  
  185  8:40  Hydralisk x4  
Show
View Real Time Build Order
Export as new Build Order

herO Protoss - Winner!

Build Orders: 1 Gate Expand, Archon Immortal, Archon Drop 

Get SALT Encoding   

  12  0:00  Probe  
  13  0:12  Probe  
  14  0:17  Pylon  
  14  0:23  Probe  
  14  0:27  Assimilator  
  15  0:31  Probe  
  16  0:39  Probe  
  16  0:46  Gateway  
  17  0:50  Probe  
  18  1:03  Probe  
  19  1:15  Probe  
  20  1:22  Nexus  
  20  1:33  Cybernetics Core  
  20  1:34  Probe  
  21  1:40  Assimilator  
  21  1:46  Probe  
  22  1:49  Pylon  
  22  1:56  Probe  
  23  2:04  Probe  
  23  2:05  Stalker  
  23  2:12  Probe  
  23  2:15  Forge  
  26  2:20  Warp Gate  
  26  2:21  Probe  
  27  2:29  Probe  
  28  2:30  Probe  
  28  2:35  Adept  
  32  2:38  Probe  
  32  2:39  Probe  
  34  2:46  Protoss Ground Weapons Level 1  
  34  2:48  Probe  
  34  2:51  Probe  
  36  2:58  Twilight Council  
  36  3:02  Probe  
  36  3:03  Probe  
  38  3:06  Adept  
  40  3:12  Pylon  
  40  3:14  Probe  
  40  3:15  Probe  
  42  3:23  Gateway  
  42  3:26  Probe  
  43  3:27  Probe  
  44  3:35  Charge  
  44  3:45  Nexus  
  44  3:47  Pylon, Probe  
  45  3:50  Probe  
  45  3:55  Robotics Facility  
  46  4:00  Probe  
  46  4:02  Probe  
  48  4:03  Assimilator  
  48  4:06  Assimilator  
  48  4:10  Probe  
  48  4:11  Probe  
  48  4:14  Templar Archives  
  50  4:17  Gateway  
  50  4:20  Probe x2  
  50  4:22  Gateway  
  50  4:29  Probe x2  
  52  4:34  Pylon  
  54  4:41  Probe, Warp Prism  
  54  4:42  Probe  
  54  4:48  Adept x2  
  60  4:53  Probe  
  60  4:54  Probe  
  60  4:55  Protoss Ground Weapons Level 2  
  60  4:59  Probe  
  63  5:08  Gateway  
  63  5:11  Gateway, Probe  
  63  5:13  Adept  
  64  5:19  Probe x2  
  65  5:21  Gateway  
  65  5:24  Probe  
  65  5:25  Gateway  
  66  5:33  Pylon, Probe  
  66  5:34  Probe  
  68  5:36  Probe  
  68  5:39  High Templar x4, Observer  
  68  5:41  Shield Battery  
  77  5:43  Archon x2  
  77  5:46  Probe x2, Pylon  
  77  5:48  Probe  
  80  5:54  Pylon  
  80  6:03  Psionic Storm  
  79  6:13  Zealot x6  
  79  6:16  Immortal  
  79  6:17  Assimilator, Probe x3  
  95  6:18  Assimilator  
  95  6:26  Pylon x2  
  95  6:29  Probe x2  
  98  6:37  High Templar x2  
  98  6:38  Zealot x3  
  100  6:41  Probe  
  100  6:45  Immortal  
  100  6:46  Zealot x2  
  103  6:55  Pylon  
  103  6:58  High Templar  
  103  6:59  Zealot x3  
  103  7:00  Probe  
  116  7:03  Probe x2  
  114  7:11  Zealot x3  
  120  7:18  Immortal  
  120  7:19  High Templar  
  122  7:23  Zealot x3  
  132  7:36  Gateway x2  
  126  7:38  High Templar  
  126  7:40  High Templar  
  126  7:44  Zealot x2  
  126  7:45  Zealot  
  132  7:54  Pylon x3  
  132  7:55  Pylon  
  132  7:57  Photon Cannon  
  132  8:06  Nexus  
  132  8:07  Pylon  
  132  8:12  High Templar x2  
  134  8:13  Zealot x3  
  134  8:18  Zealot x2  
  146  8:21  Zealot, Immortal  
  146  8:22  Archon  
  146  8:25  Pylon  
  150  8:44  Zealot x8  
  150  8:45  Zealot  
  156  9:01  High Templar  
  156  9:02  Photon Cannon  
  152  9:03  Shield Battery  
Tags
 
Add a new tag
Caveats
  • Supply blocks, unpowered buildings, or Contaminate may cause inaccurate times.
  • Supply counts are checked every 10 seconds.